General information
- name: BNet
- type: Ladder team game (AT/RT)
- host: Battle.net
- saver: DanielCormier
map: Sanctuary_LV
- players: 8
- length: 29:25
- speed: Fast
- version: 1.30 W3XP
- replay type: Public
» download(320 KB)
Players
team 1 (loser)

»
NocTurNaL420 (
teal | 50 APM | 1258 actions | 24:58)
6 Keeper of the Grove
3 Entangling Roots
2 Thorns Aura
1 Tranquility
1 Priestess of the Moon
1 Searing Arrows
» actions
| Assign group hotkey | 12 | |
| Basic commands | 4 | |
| Build / train | 51 | |
| Enter build submenu | 16 | |
| Enter hero's abilities submenu | 7 | |
| Right click | 908 | |
| Select / deselect | 158 | |
| Select group hotkey | 37 | |
| Use ability | 65 | |
1258 total
» units
» upgrades
| Ultravision | 1 | |
| Strength of the Wild | 1 | |
| Reinforced Hides | 1 | |
| Abolish Magic | 1 | |
4 total
» buildings
| Altar of Elders | 1 | |
| Moon Well | 7 | |
| Hunter's Hall | 1 | |
| Ancient of War | 2 | |
| Ancient Protector | 1 | |
| Tree of Ages | 1 | |
| Ancient of Wonders | 1 | |
| Tree of Eternity | 1 | |
| Ancient of Lore | 2 | |
17 total
» build order
00:11 Altar of Elders
00:13 Moon Well
01:34 Hunter's Hall
02:04 Moon Well
02:19 Ancient of War
02:21 Ancient of War
03:34 Moon Well
04:13 Moon Well
04:59 Ancient Protector
05:13 Moon Well
07:03 Tree of Ages
07:11 Moon Well
09:00 Moon Well
09:14 Ancient of Wonders
12:39 Tree of Eternity
12:50 Ancient of Lore
13:32 Ancient of Lore
» items
| Moonstone | 2 | |
| Scroll of Town Portal | 2 | |
| Rod of Necromancy | 1 | |
5 total
SUPREME_LOTUS (
red | 115 APM | 2857 actions | 24:56)
7 Death Knight
3 Death Coil
3 Unholy Aura
1 Animate Dead
6 Lich
3 Frost Nova
2 Frost Armor
1 Death and Decay
» actions
| Assign group hotkey | 35 | |
| Build / train | 86 | |
| Enter build submenu | 20 | |
| Enter hero's abilities submenu | 13 | |
| Give item / drop item | 4 | |
| Remove unit from queue | 7 | |
| Right click | 1353 | |
| Select / deselect | 227 | |
| Select group hotkey | 1020 | |
| Use ability | 92 | |
2857 total
» units
| Acolyte | 8 | |
| Ghoul | 5 | |
| Crypt Fiend | 10 | |
| Frost Wyrm | 5 | |
28 total
» upgrades
| Creature Attack | 2 | |
| Creature Carapace | 1 | |
| Web | 1 | |
| Freezing Breath | 1 | |
5 total
» buildings
| Graveyard | 1 | |
| Crypt | 1 | |
| Ziggurat | 8 | |
| Altar of Darkness | 1 | |
| Tomb of Relics | 1 | |
| Nerubian Tower | 2 | |
| Halls of the Dead | 4 | |
| Black Citadel | 3 | |
| Sacrificial Pit | 1 | |
| Boneyard | 2 | |
| Necropolis | 2 | |
| Spirit Tower | 6 | |
32 total
» build order
00:10 Graveyard
00:13 Crypt
00:23 Ziggurat
00:42 Altar of Darkness
01:37 Ziggurat
01:46 Tomb of Relics
02:05 Nerubian Tower
02:06 Nerubian Tower
03:39 Halls of the Dead
03:39 Halls of the Dead
04:19 Ziggurat
05:55 Ziggurat
07:51 Black Citadel
07:51 Black Citadel
08:22 Sacrificial Pit
08:25 Ziggurat
11:04 Boneyard
11:05 Boneyard
13:21 Necropolis
13:29 Spirit Tower
13:29 Spirit Tower
13:31 Spirit Tower
13:31 Spirit Tower
13:50 Necropolis
14:03 Ziggurat
14:08 Ziggurat
14:09 Ziggurat
15:03 Halls of the Dead
15:04 Halls of the Dead
15:05 Spirit Tower
15:08 Spirit Tower
24:00 Black Citadel
» items
| Rod of Necromancy | 1 | |
| Potion of Healing | 3 | |
| Scroll of Town Portal | 2 | |
| Potion of Lesser Invulnerability | 1 | |
| Scroll of Protection | 1 | |
| Scroll of Healing | 1 | |
9 total

»
T-bAG! (
purple | 56 APM | 1386 actions | 24:39)
8 Archmage
3 Summon Water Elemental
3 Brilliance Aura
1 Mass Teleport
1 Blizzard
4 Mountain King
2 Storm Bolt
2 Bash
» actions
| Basic commands | 82 | |
| Build / train | 91 | |
| Enter build submenu | 23 | |
| Enter hero's abilities submenu | 12 | |
| Give item / drop item | 1 | |
| Right click | 657 | |
| Select / deselect | 398 | |
| Use ability | 122 | |
1386 total
» units
» upgrades
| Gunpowder | 1 | |
| Armor | 1 | |
| Long Rifles | 1 | |
3 total
» buildings
| Altar of Kings | 1 | |
| Farm | 14 | |
| Barracks | 2 | |
| Blacksmith | 1 | |
| Arcane Vault | 1 | |
| Town Hall | 2 | |
| Keep | 4 | |
| Scout Tower | 10 | |
| Lumber Mill | 1 | |
| Arcane Tower | 1 | |
| Guard Tower | 8 | |
| Arcane Sanctum | 1 | |
46 total
» build order
00:31 Altar of Kings
00:36 Farm
01:16 Farm
01:29 Barracks
01:34 Blacksmith
01:56 Farm
02:18 Barracks
02:35 Farm
03:04 Farm
03:09 Arcane Vault
04:44 Town Hall
07:07 Keep
07:07 Keep
07:52 Scout Tower
07:53 Scout Tower
07:54 Scout Tower
07:55 Scout Tower
07:56 Scout Tower
08:16 Farm
08:17 Farm
08:18 Farm
10:23 Farm
10:23 Farm
11:04 Lumber Mill
11:09 Arcane Tower
12:11 Guard Tower
12:11 Guard Tower
13:36 Town Hall
14:54 Scout Tower
14:55 Scout Tower
14:55 Scout Tower
14:57 Scout Tower
14:58 Scout Tower
15:29 Guard Tower
15:30 Guard Tower
15:35 Guard Tower
15:36 Guard Tower
15:38 Guard Tower
16:21 Guard Tower
18:00 Farm
18:00 Farm
18:01 Farm
18:02 Farm
19:49 Keep
19:49 Keep
23:33 Arcane Sanctum
» items
| Scroll of Regeneration | 2 | |
| Lesser Clarity Potion | 4 | |
| Healing Salve | 1 | |
| Potion of Healing | 1 | |
8 total

»
ImpeachTrump (
green | 36 APM | 1045 actions | 29:25)
4 Shadow Hunter
2 Healing Wave
2 Serpent Ward
1 Tauren Chieftain
1 Endurance Aura
1 Keeper of the Grove
1 Thorns Aura
» actions
| Basic commands | 3 | |
| Build / train | 51 | |
| Enter build submenu | 25 | |
| Enter hero's abilities submenu | 6 | |
| Remove unit from queue | 1 | |
| Right click | 552 | |
| Select / deselect | 342 | |
| Use ability | 65 | |
1045 total
» units
| Peon | 22 | |
| Grunt | 4 | |
| Troll Headhunter/Berserker | 5 | |
| Goblin Shredder | 1 | |
| Spirit Walker | 3 | |
35 total
» upgrades
| Spiked Barricades | 2 | |
| Reinforced Defenses | 1 | |
| Armor | 1 | |
| Melee Weapons | 1 | |
5 total
» buildings
| Altar of Storms | 1 | |
| Orc Burrow | 10 | |
| Barracks | 1 | |
| War Mill | 3 | |
| Stronghold | 1 | |
| Voodoo Lounge | 1 | |
| Tauren Totem | 2 | |
| Fortress | 0 | |
| Great Hall | 3 | |
| Necropolis | 1 | |
23 total
» build order
00:11 Altar of Storms
00:16 Orc Burrow
01:12 Orc Burrow
02:12 Barracks
02:38 War Mill
02:58 Orc Burrow
03:33 Orc Burrow
04:32 Orc Burrow
06:06 Orc Burrow
06:08 Stronghold
07:39 Voodoo Lounge
09:23 Tauren Totem
09:26 Orc Burrow
10:32 Tauren Totem
10:45 Orc Burrow
11:05 Fortress
11:48 Great Hall
12:41 War Mill
15:36 Great Hall
15:42 War Mill
21:01 Great Hall
25:31 Orc Burrow
26:31 Necropolis
26:46 Orc Burrow
» items
team 2 (winner)
NickGherz (
pink | 29 APM | 844 actions | 29:25)
4 Death Knight
2 Unholy Aura
2 Death Coil
5 Dreadlord
3 Vampiric Aura
2 Carrion Swarm
» actions
| Assign group hotkey | 13 | |
| Build / train | 58 | |
| Enter build submenu | 14 | |
| Enter hero's abilities submenu | 9 | |
| Right click | 246 | |
| Select / deselect | 142 | |
| Select group hotkey | 335 | |
| Use ability | 27 | |
844 total
» units
| Acolyte | 8 | |
| Ghoul | 4 | |
| Crypt Fiend | 23 | |
35 total
» upgrades
| Web | 1 | |
| Creature Attack | 3 | |
| Creature Carapace | 3 | |
7 total
» buildings
| Altar of Darkness | 1 | |
| Ziggurat | 8 | |
| Crypt | 2 | |
| Graveyard | 1 | |
| Tomb of Relics | 1 | |
| Halls of the Dead | 1 | |
| Spirit Tower | 3 | |
| Black Citadel | 1 | |
18 total
» build order
00:16 Altar of Darkness
00:26 Ziggurat
00:57 Crypt
01:18 Graveyard
01:43 Crypt
01:51 Ziggurat
02:31 Ziggurat
03:28 Tomb of Relics
05:02 Halls of the Dead
05:25 Ziggurat
08:42 Ziggurat
10:18 Spirit Tower
12:14 Spirit Tower
14:08 Ziggurat
14:13 Ziggurat
14:20 Black Citadel
14:24 Ziggurat
15:50 Spirit Tower
DanielCormier (
blue | 140 APM | 4125 actions | 29:25)
9 Blademaster
3 Wind Walk
3 Critical Strike
1 Bladestorm
2 Mirror Image
» actions
| Assign group hotkey | 17 | |
| Basic commands | 53 | |
| Build / train | 92 | |
| ESC pressed | 6 | |
| Enter build submenu | 32 | |
| Enter hero's abilities submenu | 9 | |
| Give item / drop item | 1 | |
| Right click | 2538 | |
| Select / deselect | 569 | |
| Select group hotkey | 676 | |
| Use ability | 132 | |
4125 total
» units
» upgrades
| Reinforced Defenses | 1 | |
| Liquid Fire | 1 | |
| Ranged Weapons | 3 | |
5 total
» buildings
| Altar of Storms | 1 | |
| Orc Burrow | 4 | |
| War Mill | 2 | |
| Voodoo Lounge | 1 | |
| Watch Tower | 18 | |
| Stronghold | 1 | |
| Beastiary | 2 | |
| Fortress | 1 | |
| Great Hall | 1 | |
31 total
» build order
00:03 Altar of Storms
00:05 Orc Burrow
00:55 War Mill
01:13 Voodoo Lounge
01:35 Orc Burrow
02:20 Watch Tower
02:54 Stronghold
03:26 Watch Tower
04:16 Watch Tower
04:52 Watch Tower
05:17 Beastiary
05:21 Beastiary
06:28 Fortress
07:29 Orc Burrow
10:03 Watch Tower
11:52 Watch Tower
13:26 Watch Tower
13:47 Watch Tower
14:00 Watch Tower
14:11 Orc Burrow
14:29 Watch Tower
16:28 Watch Tower
16:29 Watch Tower
16:50 Watch Tower
19:48 Watch Tower
19:48 Watch Tower
20:18 Watch Tower
20:20 War Mill
23:34 Great Hall
28:32 Watch Tower
28:34 Watch Tower
» items
| Healing Salve | 3 | |
| Lesser Clarity Potion | 6 | |
| Orb of Lightning | 1 | |
| Tiny Great Hall | 1 | |
| Potion of Mana | 6 | |
| Scroll of Town Portal | 1 | |
| Potion of Healing | 1 | |
19 total
PERSPECTIVE- (
orange | 74 APM | 2167 actions | 29:25)
8 Blademaster
3 Wind Walk
3 Critical Strike
1 Bladestorm
1 Mirror Image
4 Tauren Chieftain
2 Endurance Aura
2 War Stomp
» actions
| Assign group hotkey | 75 | |
| Basic commands | 29 | |
| Build / train | 129 | |
| ESC pressed | 12 | |
| Enter build submenu | 20 | |
| Enter hero's abilities submenu | 12 | |
| Give item / drop item | 8 | |
| Right click | 973 | |
| Select / deselect | 520 | |
| Select group hotkey | 251 | |
| Use ability | 137 | |
2167 total
» units
| Peon | 16 | |
| Wind Rider | 15 | |
| Shaman | 12 | |
| Troll Batrider | 15 | |
| Troll Witch Doctor | 9 | |
67 total
» upgrades
| Ranged Weapons | 3 | |
| Envenomed Spears | 1 | |
| Armor | 3 | |
| Shaman Training | 2 | |
| Liquid Fire | 1 | |
| Witch Doctor Training | 2 | |
12 total
» buildings
| Orc Burrow | 8 | |
| Altar of Storms | 1 | |
| Voodoo Lounge | 1 | |
| Stronghold | 3 | |
| War Mill | 1 | |
| Beastiary | 3 | |
| Fortress | 2 | |
| Great Hall | 1 | |
| Spirit Lodge | 2 | |
22 total
» build order
00:18 Orc Burrow
00:33 Altar of Storms
01:32 Voodoo Lounge
02:18 Stronghold
02:18 Stronghold
02:18 Stronghold
02:21 Orc Burrow
02:33 War Mill
04:40 Beastiary
04:49 Beastiary
04:58 Orc Burrow
05:00 Fortress
05:00 Fortress
05:02 Orc Burrow
05:14 Beastiary
07:18 Great Hall
12:33 Spirit Lodge
12:36 Spirit Lodge
14:12 Orc Burrow
15:22 Orc Burrow
16:18 Orc Burrow
18:13 Orc Burrow
» items
| Healing Salve | 4 | |
| Lesser Clarity Potion | 5 | |
| Orb of Lightning | 2 | |
| Potion of Healing | 1 | |
| Scroll of Town Portal | 2 | |
| Potion of Mana | 1 | |
15 total
Any (
yellow | 78 APM | 2289 actions | 29:25)
10 Lich
3 Frost Nova
3 Frost Armor
1 Death and Decay
3 Dark Ritual
» actions
| Assign group hotkey | 52 | |
| Basic commands | 1 | |
| Build / train | 86 | |
| Enter build submenu | 25 | |
| Enter hero's abilities submenu | 10 | |
| Give item / drop item | 4 | |
| Remove unit from queue | 2 | |
| Right click | 818 | |
| Select / deselect | 360 | |
| Select group hotkey | 790 | |
| Use ability | 140 | |
2289 total
» units
| Acolyte | 7 | |
| Ghoul | 9 | |
| Goblin Shredder | 1 | |
| Necromancer | 24 | |
| Meatwagon | 9 | |
| Obsidian Statue | 3 | |
53 total
» upgrades
| Unholy Strength | 3 | |
| Unholy Armor | 3 | |
| Necromancer Training | 2 | |
| Exhume Corpses | 1 | |
| Skeletal Mastery | 1 | |
10 total
» buildings
| Ziggurat | 9 | |
| Altar of Darkness | 1 | |
| Crypt | 1 | |
| Nerubian Tower | 2 | |
| Graveyard | 1 | |
| Halls of the Dead | 1 | |
| Tomb of Relics | 1 | |
| Black Citadel | 1 | |
| Temple of the Damned | 2 | |
| Slaughterhouse | 3 | |
| Spirit Tower | 3 | |
25 total
» build order
00:09 Ziggurat
00:14 Altar of Darkness
00:35 Crypt
00:59 Ziggurat
01:10 Nerubian Tower
01:44 Ziggurat
02:05 Graveyard
05:11 Nerubian Tower
06:19 Halls of the Dead
06:34 Tomb of Relics
06:52 Ziggurat
07:33 Ziggurat
08:11 Ziggurat
09:15 Black Citadel
09:20 Temple of the Damned
09:36 Slaughterhouse
09:47 Spirit Tower
09:49 Spirit Tower
09:52 Spirit Tower
10:13 Temple of the Damned
13:39 Slaughterhouse
14:06 Slaughterhouse
14:10 Ziggurat
14:22 Ziggurat
14:26 Ziggurat
» items
| Scroll of Town Portal | 2 | |
| Orb of Lightning | 1 | |
3 total
Chat log
(00:13 / All) PERSPECTIVE-: Cormier Got Dem Titties
(00:23 / All) PERSPECTIVE-: Hell of a wrastler tho
(00:23 / All) DanielCormier: yes i do
(00:27 / All) DanielCormier: ty
(00:37 / All) PERSPECTIVE-: Yw cuh
(03:01 / Allies) DanielCormier: howd this nigga see me
(03:09 / All) PERSPECTIVE-: he hax
(03:18 / Allies) PERSPECTIVE-: little nigger
(03:34 / All) PERSPECTIVE-: Stop hacking
(06:57 / All) PERSPECTIVE-: Yikes lagger
(09:07 / Allies) PERSPECTIVE-: expo
(09:24 / Allies) PERSPECTIVE-: take items sell
(09:26 / Allies) PERSPECTIVE-: get orb
(10:45 / Allies) PERSPECTIVE-: tp
(10:57 / Allies) PERSPECTIVE-: TP YELLOW
(11:14 / Allies) PERSPECTIVE-: WTF
(11:20 / Allies) PERSPECTIVE-: SMH
(11:42 / Allies) PERSPECTIVE-: GG
(11:55 / Allies) PERSPECTIVE-: no one fucking tps
(12:17 / Allies) PERSPECTIVE-: lol
(12:18 / Allies) PERSPECTIVE-: smh
(14:26 / Allies) PERSPECTIVE-: omw
(14:35 / Allies) PERSPECTIVE-: gloves top eh
(16:06 / Allies) Any: w8 me
(16:12 / Allies) Any: w8
(17:43 / Allies) PERSPECTIVE-: BEHIND!
(17:44 / Allies) PERSPECTIVE-: U FUCKS
(19:53 / Allies) DanielCormier: ur boy so rusty
(21:18 / Allies) PERSPECTIVE-: WTF ARE U DOING
(22:43 / Allies) PERSPECTIVE-: gold pls
(22:49 / Allies) PERSPECTIVE-: ty
(24:35 / All) T-bAG!: GG
(25:10 / Allies) DanielCormier: my brain doesnt
(25:11 / All) PERSPECTIVE-: tiddies
(25:13 / Allies) DanielCormier: move fast enough for wc3
(25:15 / Allies) DanielCormier: rn
(26:34 / Allies) DanielCormier: why didnt they tower up
(26:35 / Allies) DanielCormier: i dont get it
(26:37 / All) PERSPECTIVE-: Not sure
(26:43 / All) PERSPECTIVE-: thye dumbies
(26:46 / Allies) DanielCormier: this dude built his
(26:47 / Allies) DanielCormier: boneyards
(26:49 / Allies) DanielCormier: out in front
(26:51 / All) PERSPECTIVE-: Lol
(26:56 / All) PERSPECTIVE-: Hes a foool
(26:59 / All) ImpeachTrump: everyone quit we won gg lets leav
(27:08 / All) PERSPECTIVE-: Usuck @ orc bruh
(27:17 / All) ImpeachTrump: everyone quit gg lets all leave
(27:24 / All) DanielCormier: he hid something
(27:32 / All) PERSPECTIVE-: Damnnn
(27:33 / All) DanielCormier: no hall?
(27:35 / All) DanielCormier: dude r u dumb
(27:41 / All) PERSPECTIVE-: LOL
(28:46 / All) PERSPECTIVE-: Jesus is my savior.